AoeStats
← DKing

MegaRandom

509676934Analyzed
4v4 RM · 4d ago on Sep 27, 2026· 48m 11s· 8 players
Game mode
Random Map
Map size
Large (8 player)
Population
200
Speed
Normal
Resources
Standard
Victory
Conquest
Starting age
Dark Age
Ending age
Imperial Age
RankedLock teamsTeams togetherTeam positionsShared explorationLock speedFull tech treeHidden civsTurbo modeCheats
Victory
Defeat
🇨🇴 Britons · Colombia
1239
+16
🇵🇹 Huns · Portugal
1232
+17
🇺🇸 Bengalis · United States
1192
+18
🇲🇽 Varangians · Mexico
1174
+19
🇨🇴 Persians · Colombia
1342
-21
🇦🇷 Vietnamese · Argentina
1243
-18
🇨🇴 Ethiopians · Colombia
1213
-16
🇨🇴 Danes · Colombia
1184
-15
bumbaloe
11:46 Feudal Age
13:22 Loom
16:01 Castle Age
14:56 Double-Bit Axe
15:11 Horse Collar
15:41 Fishing Lines
18:41 Gillnets
20:41 Bow Saw
20:32 Heavy Plow
20:32 Fletching
22:30 Wheelbarrow
21:41 Town Watch
22:08 Gold Mining
22:39 Bodkin Arrow
23:57 Hand Cart
24:51 Padded Archer Armor
26:06 Gold Shaft Mining
26:10 Stone Mining
28:27 Leather Archer Armor
28:34 Ballistics
34:14 Imperial Age
32:39 Bloodlines
32:36 Husbandry
34:19 Elite Elephant Archer
35:18 Bracer
35:54 Ring Archer Armor
37:27 Crop Rotation
38:08 Chemistry
39:58 Scale Barding Armor
40:01 Siege Engineers
39:31 Siege Elephant
42:59 Paiks
43:16 Conscription
[NuMa] cristo22B
10:12 Feudal Age
10:23 Man-at-Arms
13:10 Double-Bit Axe
16:31 Padded Archer Armor
17:06 Fletching
19:24 Gold Mining
22:39 Castle Age
23:03 Crossbowman
23:39 Bodkin Arrow
28:01 Wheelbarrow
28:37 Leather Archer Armor
28:39 Town Watch
31:07 Hand Cart
31:04 Bow Saw
30:35 Horse Collar
34:02 Loom
37:33 Imperial Age
37:57 Arbalester
40:32 Bracer
41:24 Squires
47:37 Two-Man Saw
46:40 Heavy Plow
47:16 Gold Shaft Mining
47:14 Pikeman
DKing
12:00 Feudal Age
15:53 Castle Age
14:07 Double-Bit Axe
14:18 Fishing Lines
17:03 Fletching
17:44 Medium Warships
17:52 Gillnets
18:20 Loom
22:48 Wheelbarrow
22:24 Horse Collar
22:47 Town Watch
25:10 Scale Barding Armor
25:58 Forging
27:14 Bloodlines
27:05 Husbandry
27:59 Iron Casting
31:29 Imperial Age
30:12 Chain Barding Armor
30:47 Marauders
33:06 Hand Cart
33:51 Conscription
33:01 Elite Tarkan
34:03 Bodkin Arrow
34:14 Pikeman
36:45 Blast Furnace
35:52 Cavalier
37:08 Paladin
39:40 Plate Barding Armor
41:19 Padded Archer Armor
42:08 Bow Saw
41:58 Heavy Plow
41:51 Gold Mining
44:01 Light Cavalry
47:45 Gold Shaft Mining
47:12 Scale Mail Armor
47:14 Squires
jusart.92
5:57 Loom
9:09 Feudal Age
11:53 Bloodlines
14:15 Double-Bit Axe
19:54 Castle Age
18:48 Gold Mining
19:52 Forging
19:47 Scale Barding Armor
22:04 Iron Casting
22:25 Chain Barding Armor
22:54 Husbandry
30:11 Fishing Lines
30:41 Medium Warships
38:45 Bow Saw
41:59 Wheelbarrow
41:39 Fletching
42:25 Town Watch
44:49 Hand Cart
45:06 Ballistics
47:36 Bodkin Arrow
48:03 Town Patrol
christianperalta141
10:29 Feudal Age
11:11 Double-Bit Axe
13:30 Fletching
17:50 Padded Archer Armor
20:51 Castle Age
21:07 Horse Collar
20:52 Crossbowman
21:53 Leather Archer Armor
21:45 Bodkin Arrow
23:22 Wheelbarrow
23:53 Loom
27:37 Leather Archer Armor
28:29 Elite Skirmisher
34:21 Heavy Plow
43:41 Scale Mail Armor
43:52 Forging
45:18 Thumb Ring
45:30 Chain Mail Armor
45:50 Iron Casting
49:22 Imperial Age
47:09 Hand Cart
47:01 Fishing Lines
Commander Ricky
10:17 Feudal Age
15:49 Castle Age
14:39 Double-Bit Axe
15:23 Horse Collar
15:36 Gold Mining
16:14 Fletching
16:48 Bow Saw
18:06 Crossbowman
19:16 Loom
20:39 Bodkin Arrow
21:44 Padded Archer Armor
23:24 Wheelbarrow
23:17 Leather Archer Armor
25:08 Hand Cart
27:30 Ballistics
32:14 Imperial Age
29:56 Thumb Ring
30:13 Medium Warships
29:44 Fishing Lines
33:17 Elite Skirmisher
42:18 Imperial Skirmisher
Caballero Cruzado
12:17 Feudal Age
13:26 Double-Bit Axe
17:48 Castle Age
16:35 Wheelbarrow
16:08 Horse Collar
16:39 Stone Mining
17:27 Gold Mining
17:40 Loom
18:52 Bow Saw
21:06 Scale Mail Armor
21:16 Forging
23:13 Squires
23:13 Pikeman
27:02 Arson
27:05 Fishing Lines
28:27 Gillnets
28:50 Fletching
29:51 Stone Shaft Mining
31:10 Hamask
32:25 Chain Mail Armor
34:41 Hand Cart
38:44 Imperial Age
36:01 Town Watch
37:48 Crossbowman
38:33 Padded Archer Armor
40:26 Conscription
40:14 Elite Skirmisher
40:51 Bodkin Arrow
41:12 Leather Archer Armor
43:35 Gold Shaft Mining
43:04 Imperial Skirmisher
44:44 Ballistics
47:06 Bracer
Aztart
11:23 Feudal Age
15:29 Castle Age
13:32 Double-Bit Axe
14:53 Fishing Lines
14:58 Horse Collar
23:17 Bow Saw
23:21 Fletching
25:11 Bodkin Arrow
26:35 Scale Barding Armor
27:29 Loom
28:23 Wheelbarrow
31:14 Imperial Age
28:30 Loom
29:15 Bloodlines
29:56 Chain Barding Armor
29:47 Forging
32:12 Plate Barding Armor
31:01 Cavalier
32:18 Iron Casting
32:09 Heavy Plow
36:00 Conscription
37:41 Savar
38:28 Husbandry
39:34 Blast Furnace
40:56 Two-Man Saw
46:43 Hand Cart
46:14 Town Watch
Connection lost

Rejoining the realm…

Still unreachable

The connection could not be restored.

Session expired

The server has moved on; the page needs a fresh start.